 Dungeon Crawl Stone Soup version 0.27.1-35-g4d5d836560 (webtiles) character file.

Game seed: 15457728662774019929

1 Aldia the Magician (level 1, -2/15 HPs)
             Began as a Djinni Fire Elementalist on July 27, 2022.
             Slain by a gnoll (5 damage)
             ... on level 1 of the Dungeon.
             The game lasted 00:00:16 (11 turns).

Aldia the Magician (Djinni Fire Elementalist)         Turns: 11, Time: 00:00:17

Health: -2/15      AC:  2    Str:  7    XL:     1   Next: 22%
Gold:   0          EV: 12    Int: 16    God:
                   SH:  0    Dex: 13

rFire    + + .     SeeInvis .   (no weapon)
rCold    x . .     Faith    .   (no shield)
rNeg     . . .     Spirit   .   a - +0 robe
rPois    ∞         Reflect  .   (no helmet)
rElec    .         Harm     .   (no cloak)
rCorr    .         Rampage  .   (no gloves)
Will     .....                  (boots unavailable)
Stlth    ++........             (no amulet)
HPRegen  0.05/turn              (no ring)
MPRegen  0.00/turn              (no ring)

@: flying, very slightly contaminated
A: sickness immunity, fire resistance 2, cold vulnerability 1, float, innate
caster, hp casting, extra vitality 1
a: no special abilities


You were on level 1 of the Dungeon.
You visited 1 branch of the dungeon, and saw 1 of its levels.

Inventory:

Armour
 a - a +0 robe (worn)


   Skills:
 + Level 0.1 Fighting
 + Level 2.2 Dodging
 - Level 1.5 Stealth
 * Level 2.4 Spellcasting


You couldn't memorise any spells.
You knew the following spells:

 Your Spells              Type           Power      Damage    Failure   Level
a - Foxfire               Conj/Fire      36%        2x1d5     8%          1
b - Conjure Flame         Conj/Fire      9%         6-21      22%         3
c - Inner Flame           Hex/Fire       9%         N/A       22%         3
d - Sticky Flame          Conj/Fire      9%         2d3       58%         4
e - Fireball              Conj/Fire      4%         3d4       90%         5
Your spell library was empty.

Dungeon Overview and Level Annotations

Branches:
Dungeon (1/15)

Altars:


Innate Abilities, Weirdness & Mutations

You are immune to sickness and miasma.
You are immune to poison.
Your flesh is very heat resistant. (rF++)
You are vulnerable to cold. (rC-)
You float through the air rather than walking.
You learn spells naturally, not from books.
Your magical power is your life essence.
You have superior vitality. (+4 HP)


Message History

Will you prevail where others failed? Will you find the Orb of Zot?
Press ? for a list of commands and other information.
Found a staircase leading out of the dungeon.
You begin with the following spells memorised: Foxfire, Conjure Flame, Inner Flame, Sticky Flame, Fireball.
A gnoll and a kobold come into view.
Found 14 sling bullets.
The kobold shouts!
The gnoll shouts!
You hear an angry hiss.
A hobgoblin comes into view.
Cast which spell? (? or * to list)
You conjure some foxfire!
The hobgoblin shouts!
A ball python comes into view.
The foxfire hits the kobold.
You kill the kobold!
The foxfire hits the gnoll.
The gnoll is moderately wounded.
Casting: Foxfire (safe; 8% risk of failure)
Confirm with . or Enter, or press ? or * to list all spells.
You conjure some foxfire!
The foxfire hits the gnoll.
The gnoll is moderately wounded.
The foxfire hits the gnoll.
The gnoll is heavily wounded.
Casting: Foxfire (safe; 8% risk of failure)
Confirm with . or Enter, or press ? or * to list all spells.
You miscast Foxfire.
You are very lightly contaminated with residual magic.
Nothing appears to happen.
Casting: Foxfire (safe; 8% risk of failure)
Confirm with . or Enter, or press ? or * to list all spells.
You miscast Foxfire.
Nothing appears to happen.
Casting: Foxfire (safe; 8% risk of failure)
Confirm with . or Enter, or press ? or * to list all spells.
You conjure some foxfire!
The foxfire hits the ball python.
You kill the ball python!
The gnoll hits you with a +0 club. The hobgoblin hits you.
* * * LOW HITPOINT WARNING * * *
The foxfire hits the gnoll.
The gnoll is almost dead.
The gnoll hits you with a +0 club.
You die...

#+#+## #....#
#.<..# ##
###§#####....
#######..@......#
.....(.gg†..#####
..........###
##........#
#...).......
.........#...
.#.......#..##
.............
##............


You could see a gnoll and a hobgoblin.

Vanquished Creatures
  A ball python (D:1)
  A kobold (D:1)
2 creatures vanquished.

Vanquished Creatures (others)
  4 foxfires (D:1)
4 creatures vanquished.

Grand Total: 6 creatures vanquished

Notes
Turn   | Place    | Note
-------+----------+-------------------------------------------
     0 | D:1      | Aldia the Djinni Fire Elementalist began the quest for the
                  | Orb.
     0 | D:1      | Reached XP level 1. HP: 15/15 MP: 0/0
    11 | D:1      | Slain by a gnoll

Illustrated notes

Levels and vault maps discovered:
D:1:      dpeg_arrival_ratfight, layout_rooms, ebering_ecumenical_altar_ruins

Action                   || total
-------------------------++-------
 Cast: Foxfire           ||     3
